 Dungeon Crawl Stone Soup version 0.21.1-1-g345015fe64 (webtiles) character file.

748 Litary the Fighter (level 8, -2/74 HPs)
             Began as a Human Wanderer on May 6, 2018.
             Slain by an ogre
             ... wielding a +0 giant club
              (23 damage)
             ... on level 5 of the Dungeon.
             The game lasted 00:27:36 (3714 turns).

Litary the Fighter (Human Wanderer)                 Turns: 3714, Time: 00:27:37

Health: -2/74      AC: 11    Str: 13    XL:     8   Next: 6%
Magic:  8/8        EV:  6    Int: 12    God:
Gold:   248        SH:  0    Dex: 15    Spells: 7/7 levels left

rFire    . . .     SeeInvis .   a - +4 spear
rCold    . . .     Gourm    .   (no shield)
rNeg     . . .     Faith    .   r - +0 chain mail
rPois    .         Spirit   .   (no helmet)
rElec    .         Reflect  .   (no cloak)
rCorr    .         Harm     .   (no gloves)
MR       .....                  (no boots)
Stlth    ..........             (no amulet)
HPRegen  0.22/turn              (no ring)
MPRegen  0.11/turn              (no ring)

@: no status effects
A: no striking features
a: no special abilities


You were on level 5 of the Dungeon.
You were not hungry.

You visited 1 branch of the dungeon, and saw 5 of its levels.

You collected 248 gold pieces.

Inventory:

Hand Weapons
 a - a +4 spear (weapon)
 d - a +0 blowgun
 i - a +0 trident
Missiles
 c - 10 poisoned needles
 g - 3 needles of confusion
Armour
 e - a +0 robe
 h - a +0 ring mail
 q - a +0 scale mail
 r - a +0 chain mail (worn)
Wands
 n - a wand of iceblast (5)
Scrolls
 k - 3 scrolls of identify
 o - a scroll of remove curse {unknown}
Potions
 j - a potion of haste {unknown}
 l - a potion of heal wounds
 m - a potion of curing
 p - a potion of cancellation
Books
 b - Idighirr's Volume of Ice

   Spells                             Type                      Level
   a - Freeze                         Ice                          1
   b - Ozocubu's Armour               Charms/Ice                   3
Comestibles
 f - 13 rations


   Skills:
 * Level 10.6 Fighting
 - Level 2.0 Polearms
 - Level 1.0 Throwing
 + Level 9.6 Armour
 - Level 1.0 Stealth
   Level 1.0 Shields
   Level 1.0 Necromancy
   Level 2.0 Poison Magic


You had 7 spell levels left.
You didn't know any spells.

Dungeon Overview and Level Annotations

Branches:
Dungeon (5/15)
 Temple: D:4-7

Altars:
Fedhas
Vehumet

Annotations:
D:4 Pikel, Sigmund


Message History

The ogre hits you with a giant club!
Attack whom?
Press: ? - help, Dir - move target cursor, f/p - ogre
Aim: an ogre, wielding a giant club (heavily wounded)
You hit the ogre.
The ogre is severely wounded.
Attack whom?
Press: ? - help, Dir - move target cursor, f/p - ogre
Aim: an ogre, wielding a giant club (severely wounded)
Your chain mail prevents you from hitting the ogre.
The ogre is severely wounded.
The ogre hits you with a giant club!
* * * LOW HITPOINT WARNING * * *
Attack whom?
Press: ? - help, Dir - move target cursor, f/p - ogre
Aim: an ogre, wielding a giant club (severely wounded)
You hit the ogre.
The ogre is almost dead.
The ogre hits you with a giant club!!
You die...

#.# #.# ## #.#
... #.#
##..####.#
.........#
......O..### #.
#.@...#
...##.###)# #....
#.#### #
.....###....#
##.#
#####.....##.#
.....########.###
# #............#
######.#######
#.#


You could see an ogre.

Vanquished Creatures
  A slave (D:5)
  The ghost of kampsun the Skirmisher, an amateur DsBe of Trog (D:4)
  An ogre (D:4)
  A bullfrog (D:4)
  A howler monkey (D:5)
  A bullfrog zombie (D:5)
  An orc wizard (D:5)
  An iguana (D:5)
  Ijyb (D:4)
  A worker ant (D:5)
  A howler monkey skeleton (D:4)
  5 adders
  A shadow imp (D:5)
  A worm (D:2)
  2 dart slugs
  A leopard gecko (D:5)
  6 orcs
  A ball python (D:4)
  7 bats
  3 giant cockroaches
  9 goblins
  7 hobgoblins
  8 jackals
  3 quokkas
  5 frilled lizards
  7 kobolds
  5 rats
82 creatures vanquished.

Notes
Turn   | Place    | Note
-------+----------+-------------------------------------------
     0 | D:1      | Litary the Human Wanderer began the quest for the Orb.
     0 | D:1      | Litary set off with: a +2 spear, Idighirr's Volume of Ice, 10 poisoned needles, a +0 blowgun, a +0 robe, a ration
     0 | D:1      | Reached XP level 1. HP: 16/16 MP: 1/1
   273 | D:1      | Reached XP level 2. HP: 19/23 MP: 2/2
   314 | D:1      | Reached skill level 1 in Armour
   445 | D:1      | Reached XP level 3. HP: 23/28 MP: 3/3
   642 | D:1      | Reached skill level 3 in Fighting
  1177 | D:2      | Reached XP level 4. HP: 35/35 MP: 4/4
  2160 | D:3      | Reached skill level 4 in Fighting
  2586 | D:4      | Reached XP level 5. HP: 39/42 MP: 5/5
  2599 | D:4      | Noticed kampsun's ghost (amateur DsBe)
  2600 | D:4      | Noticed a slave
  2686 | D:4      | Noticed Ijyb
  2705 | D:4      | Killed Ijyb
  2807 | D:4      | Found a radiant altar of Vehumet.
  2834 | D:4      | Noticed a bullfrog
  2840 | D:4      | Killed a bullfrog
  2840 | D:4      | Reached skill level 5 in Fighting
  2840 | D:4      | Reached XP level 6. HP: 31/51 MP: 6/6
  2898 | D:4      | Noticed Pikel
  2901 | D:4      | Noticed a slave
  2901 | D:4      | Noticed a slave
  2908 | D:4      | Reached skill level 10 in Fighting
  2908 | D:4      | Reached XP level 7. HP: 47/66 MP: 7/7
  3150 | D:4      | Killed kampsun's ghost
  3314 | D:4      | Noticed Sigmund
  3384 | D:5      | Entered Level 5 of the Dungeon
  3513 | D:5      | Found a blossoming altar of Fedhas.
  3690 | D:5      | Reached XP level 8. HP: 73/73 MP: 8/8
  3714 | D:5      | Slain by an ogre

Skill      XL: |  1  2  3  4  5  6 |
---------------+-------------------+-----
Armour         | 1 2 9 |  9.6
Fighting       | 3 4 5 10 | 10.6
Polearms       | |  2.0
Throwing       | |  1.0
Stealth        | |  1.0
Shields        | |  1.0
Necromancy     | |  1.0
Poison Magic   | |  2.0

Action                   |  1- 3 |  4- 6 |  7- 9 || total
-------------------------+-------+-------+-------++-------
Melee: Spear             |   109 |   135 |   139 ||   383
  Use: Potion            |     3 |     1 |     1 ||     5
       Scroll            |       |     7 |     3 ||    10
 Stab: Sleeping          |     1 |       |       ||     1
  Eat: Chunk             |     1 |     5 |     3 ||     9
Armor: Ring mail         |    43 |       |       ||    43
       Chain mail        |    27 |    64 |    53 ||   144
Dodge: Dodged            |    33 |    22 |    36 ||    91
